 Dungeon Crawl Stone Soup version 0.26-a0-1177-g1209ec82b9 (webtiles) character file.

Game seed: 15015988630754836068

11034 zxpr0jk the Nimble (level 11, -7/108 HPs)
             Began as a White Draconian Ice Elementalist on Dec 24, 2020.
             Was a Believer of Ru.
             Mangled by a boulder beetle (50 damage)
             ... on level 11 of the Dungeon.
             The game lasted 00:53:39 (13896 turns).

zxpr0jk the Nimble (DrIE)                          Turns: 13896, Time: 00:53:40

Health: -7/108     AC: 15    Str: 12    XL:     11   Next: 44%
Magic:  12/16      EV: 26    Int: 16    God:    Ru [**....]
Gold:   868        SH:  0    Dex: 19    Spells: 12/20 levels left

rFire    . . .     SeeInvis .   p - +2 trident (freeze)
rCold    + . .     Faith    .   (no shield)
rNeg     . . .     Spirit   .   (armour unavailable)
rPois    .         Reflect  .   u - +2 hat
rElec    .         Harm     .   (no cloak)
rCorr    .         Rampage  .   e - +2 pair of gloves
Will     .....                  x - +2 pair of boots
Stlth    ..........             w - amulet of magic regeneration
HPRegen  0.28/turn              A - +4 ring of evasion
MPRegen  0.40/turn              H - +6 ring of dexterity

@: no status effects
A: breathe frost, unfitting armour, hooves 1, cold resistance 1, low mp 1,
robust 1, cold-blooded, no stealth, no fire magic, no translocations magic, no
transmutations magic, AC +7
a: Breathe Frost, Renounce Religion


You were on level 11 of the Dungeon.
You worshipped Ru.
Ru was pleased with you.
You visited 1 branch of the dungeon, and saw 11 of its levels.

You collected 868 gold pieces.

Inventory:

Hand Weapons
 p - a +2 trident of freezing (weapon)
 s - a +1 hunting sling of freezing
Missiles
 b - 188 stones
 B - 3 silver boomerangs (quivered)
 C - 2 throwing nets
 D - 83 sling bullets
 K - 6 javelins
Armour
 e - a +2 pair of gloves (worn)
 u - a +2 hat (worn)
 x - a +2 pair of boots (worn)
Jewellery
 r - an uncursed ring of flight
 w - an amulet of magic regeneration (around neck)
 A - a +4 ring of evasion (left hand)
 H - a +6 ring of dexterity (right hand)
Wands
 i - a wand of disintegration (9)
 m - a wand of iceblast (7)
 y - a wand of digging (5)
 I - a wand of enslavement (8)
Scrolls
 d - 4 scrolls of fog
 g - a scroll of immolation
 h - 2 scrolls of magic mapping {unknown}
 k - a scroll of amnesia {unknown}
 n - 16 scrolls of identify {unknown}
 o - 4 scrolls of teleportation
 q - 3 scrolls of fear {unknown}
 t - 4 scrolls of remove curse {unknown}
 z - a scroll of blinking {unknown}
 F - a scroll of enchant weapon {unknown}
Potions
 c - 2 potions of mutation
 f - a potion of degeneration {unknown}
 j - 2 potions of cancellation {unknown}
 l - 2 potions of flight {unknown}
 v - a potion of resistance {unknown}
 E - a potion of haste {unknown}
 G - a potion of curing
 L - a potion of invisibility {unknown}
Miscellaneous
 J - a box of beasts


   Skills:
 - Level 10.0 Fighting
 - Level 0.1 Throwing
 * Level 11.8 Dodging
 - Level 5.0 Spellcasting
 - Level 10.1 Ice Magic


You had 12 spell levels left.
You knew the following spells:

 Your Spells              Type           Power        Failure   Level
a - Freeze                Ice            100%         1%          1
b - Ozocubu's Armour      Ice            36%          1%          3
c - Summon Ice Beast      Ice/Summ       20%          19%         4

Your spell library contained the following spells:

 Spells                   Type           Power        Failure   Level
 Frozen Ramparts          Ice            72%          1%          3
 Animate Skeleton         Necr           8%           16%         1
 Pain                     Necr           16%          16%         1
 Hailstorm                Conj/Ice       20%          19%         4
 Poisonous Vapours        Pois/Air       8%           22%         2
 Confusing Touch          Hex            4%           41%         3
 Mephitic Cloud           Conj/Pois/Air  4%           41%         3
 Vampiric Draining        Necr           2%           41%         3
 Metabolic Englaciation   Hex/Ice        10%          45%         5
 Animate Dead             Necr           2%           83%         4
 Olgreb's Toxic Radiance  Pois           4%           83%         4
 Agony                    Necr           4%           99%         5
 Sting                    Tmut/Pois      Unusable     N/A         1
 Gell's Gravitas          Tloc           Unusable     N/A         3
 Ignite Poison            Fire/Tmut/Pois Unusable     N/A         3
 Petrify                  Tmut/Erth      Unusable     N/A         4
 Yara's Violent Unravell  Hex/Tmut       Unusable     N/A         5

Dungeon Overview and Level Annotations

Branches:
Dungeon (11/15)            Temple (0/1) D:6            Lair (0/6) D:8
    Orc (0/2) D:9

Altars:
Dithmenos
Gozag
Kikubaaqudgha
Ru
Trog
Xom
Yredelemnul

Shops:
D:7 [


Innate Abilities, Weirdness & Mutations

You can breathe waves of freezing cold.
You can buffet flying creatures when you breathe cold.
Your icy white scales are hard. (AC +7)
You cannot fit into any form of body armour.
Your flesh is cold resistant. (rC+)
Your magical capacity is low. (-10% MP)
You are cold-blooded and may be slowed by cold attacks.
You cannot be stealthy.
You cannot study or cast Fire magic.
You cannot study or cast Translocations magic.
You cannot study or cast Transmutations magic.
You have large cloven feet.
You are robust. (+10% HP)


Message History

The white ugly thing freezes your ice beast.
Your ice beast completely resists.
Your ice beast hits the white ugly thing.
Your ice beast freezes the white ugly thing.
The white ugly thing resists.
The boulder beetle curls into a ball and begins rolling!
Your ice beast closely misses the white ugly thing.
The white ugly thing tail-slaps your ice beast but does no damage.
Unknown command.
Reach: p) +2 trident (freeze)
Press: ? - help, Dir - move target, f - white ugly thing, p - boulder beetle
Aim: a white ugly thing (lightly wounded)
You could not reach far enough!
Your ice beast barely misses the white ugly thing.
The white ugly thing tail-slaps your ice beast!
Your ice beast dies!
Casting: Ozocubu's Armour (safe; 1% risk of failure)
Confirm with . or Enter, or press ? or * to list all spells.
A chill wind blows around you. The boulder beetle hits you!!!
You die...

###### ###### .....
#....# .... #....# ...
#....#### #.#
####......Y### ####.#
........@.u..#####....#
........B...(((..#Y#Y.#
........○....##.∩..#.##
........°..........#.##
...#####°##...##......###
.. #.####.#.....<.... .
..# ......#.#..## ....
...##.##.#...#
$...................


You could see a boulder beetle, a white ugly thing and a friendly ice beast
(summoned).

Vanquished Creatures
  Harold (D:7)
  A hydra (D:11)
  A boulder beetle (D:10)
  A centaur warrior (D:8)
  A skeletal warrior (D:8)
  Joseph (D:7)
  A slime creature (D:8)
  A vampire (D:9)
  A steam dragon (D:10)
  2 swamp worms (D:8)
  Menkaure (D:6)
  Duvessa (D:7)
  2 water moccasins
  6 orc warriors
  3 sky beasts
  3 ice beasts
  A black bear (D:6)
  An eye of draining (D:11)
  3 phantoms
  6 ogres
  8 centaurs
  Dowan (D:7)
  5 bullfrogs
  3 scorpions
  A wight (D:8)
  8 killer bees
  A nameless horror (D:7)
  A howler monkey (D:10)
  A quasit (D:10)
  2 bullfrog zombies
  2 hounds
  A jelly (D:6)
  4 orc priests
  14 orc wizards
  2 bullfrog skeletons
  4 centaur skeletons
  2 iguanas (D:8)
  13 worker ants
  A hound zombie (D:8)
  3 hound skeletons
  A worker ant zombie (D:10)
  6 gnolls (D:10)
  10 adders
  2 shadow imps
  4 white imps
  An ooze (D:4)
  3 worms
  4 dart slugs
  8 leopard geckos
  52 orcs
  7 bats
  6 giant cockroaches
  8 goblins
  4 hobgoblins
  9 jackals
  8 kobolds
  5 quokkas
  3 ball pythons
  6 frilled lizards
  A jackal skeleton (D:4)
  2 leopard gecko skeletons
  A quokka skeleton (D:9)
  A quokka zombie (D:7)
  14 rats
281 creatures vanquished.

Vanquished Creatures (collateral kills)
  2 centaur zombies (D:11)
  A gargoyle (D:10)
  A troll (D:9)
  An orc warrior (D:7)
  2 ogres
  2 bullfrogs
  A gnoll sergeant (D:10)
  2 howler monkeys (D:10)
  2 orc priests (D:7)
  A jelly (D:10)
  An iguana (D:10)
  An orc wizard (D:7)
  3 gnolls (D:10)
  A white imp (D:7)
  9 orcs
30 creatures vanquished.

Vanquished Creatures (others)
  A sky beast (D:9)
  2 killer bees (D:11)
  4 plants (D:8)
7 creatures vanquished.

Grand Total: 318 creatures vanquished

Notes
Turn   | Place    | Note
-------+----------+-------------------------------------------
     0 | D:1      | zxpr0jk the Draconian Ice Elementalist began the quest for
                  | the Orb.
     0 | D:1      | Reached XP level 1. HP: 14/14 MP: 3/3
   307 | D:1      | Reached XP level 2. HP: 20/20 MP: 3/5
   978 | D:2      | Reached XP level 3. HP: 26/26 MP: 6/6
  1287 | D:2      | Learned a level 3 spell: Ozocubu's Armour
  1301 | D:2      | Reached skill level 5 in Ice Magic
  1902 | D:3      | Noticed a moth of wrath
  1904 | D:3      | Found a bloodstained altar of Trog.
  2106 | D:3      | Reached XP level 4. HP: 33/33 MP: 4/7
  2415 | D:3      | Found a shadowy altar of Dithmenos.
  2642 | D:3      | Learned a level 4 spell: Summon Ice Beast
  2837 | D:3      | Reached XP level 5. HP: 38/38 MP: 9/9
  3667 | D:4      | Reached XP level 6. HP: 32/45 MP: 9/11
  3843 | D:4      | Found a sacrificial altar of Ru.
  3851 | D:4      | Became a worshipper of Ru the Awakened
  4184 | D:4      | Found an ancient bone altar of Kikubaaqudgha.
  4548 | D:4      | Your scales start taking on an icy white colour.
  4548 | D:4      | Reached XP level 7. HP: 30/50 MP: 3/13
  4548 | D:4      | Gained mutation: Your flesh is cold resistant. (rC+) [White
                  | Draconian growth]
  5121 | D:5      | Entered Level 5 of the Dungeon
  5166 | D:5      | Found a shimmering altar of Xom.
  5507 | D:5      | Gained mutation: You have large cloven feet. [potion of
                  | mutation]
  5507 | D:5      | Gained mutation: You are robust. (+10% HP) [potion of
                  | mutation]
  5822 | D:5      | Gained mutation: You cannot study or cast Fire magic. [Ru
                  | sacrifice]
  5822 | D:5      | Gained mutation: You cannot study or cast Transmutations
                  | magic. [Ru sacrifice]
  5822 | D:5      | Gained mutation: You cannot study or cast Translocations
                  | magic. [Ru sacrifice]
  5822 | D:5      | Reached * piety under Ru
  6665 | D:6      | Reached skill level 5 in Spellcasting
  6665 | D:6      | Reached skill level 10 in Ice Magic
  6837 | D:6      | Reached skill level 2 in Dodging
  6978 | D:6      | Found a staircase to the Ecumenical Temple.
  7026 | D:6      | Reached XP level 8. HP: 56/63 MP: 15/15
  7170 | D:6      | Reached skill level 1 in Fighting
  7188 | D:6      | Noticed Menkaure
  7210 | D:6      | Killed Menkaure
  7211 | D:6      | Reached skill level 3 in Dodging
  7632 | D:7      | Found a sacrificial altar of Ru.
  7685 | D:7      | Noticed Harold
  7697 | D:7      | Reached skill level 4 in Dodging
  7703 | D:7      | Noticed a nameless horror
  7720 | D:7      | Noticed Duvessa
  7720 | D:7      | Noticed Dowan
  7759 | D:7      | Killed Duvessa
  7764 | D:7      | Killed Dowan
  8017 | D:7      | Reached skill level 5 in Dodging
  8193 | D:7      | Killed Harold
  8194 | D:7      | Reached skill level 5 in Fighting
  8194 | D:7      | Reached skill level 6 in Dodging
  8194 | D:7      | Reached XP level 9. HP: 81/81 MP: 4/16
  8545 | D:7      | Found Sonusex's Armour Shop.
  8572 | D:7      | Reached skill level 7 in Dodging
  8675 | D:7      | Found an opulent altar of Gozag.
  8676 | D:7      | Found a basalt altar of Yredelemnul.
  8780 | D:7      | Noticed Joseph
  8806 | D:7      | Killed Joseph
  9020 | D:8      | Noticed a skeletal warrior
  9022 | D:8      | Gained mutation: You cannot be stealthy. [Ru sacrifice]
  9022 | D:8      | Reached ** piety under Ru
  9030 | D:8      | Reached skill level 8 in Dodging
  9036 | D:8      | Killed a skeletal warrior
  9075 | D:8      | Reached XP level 10. HP: 45/94 MP: 12/17
  9171 | D:8      | Noticed a centaur warrior
  9207 | D:8      | Killed a centaur warrior
  9208 | D:8      | Reached skill level 9 in Dodging
 10299 | D:8      | Found a staircase to the Lair.
 10922 | D:9      | Reached skill level 10 in Dodging
 11548 | D:9      | Found a staircase to the Orcish Mines.
 11774 | D:9      | Gained mutation: Your magical capacity is low. (-10% MP)
                  | [Ru sacrifice]
 12127 | D:10     | Entered Level 10 of the Dungeon
 12206 | D:10     | Found a flagged portal.
 12388 | D:10     | Reached XP level 11. HP: 102/106 MP: 12/16
 12478 | D:10     | Reached skill level 11 in Dodging
 13153 | D:11     | Noticed a boulder beetle
 13499 | D:10     | Killed a boulder beetle
 13689 | D:11     | Noticed a five-headed hydra
 13700 | D:11     | Killed a five-headed hydra
 13854 | D:11     | Noticed a boulder beetle
 13872 | D:11     | Reached skill level 10 in Fighting
 13888 | D:11     | Noticed a white ugly thing
 13896 | D:11     | Mangled by a boulder beetle

Illustrated notes

Levels and vault maps discovered:
D:1:      minmay_arrival_cross, layout_loops_ring
D:2:      layout_basic, kennysheep_doodads
D:3:      layout_loops_ring, general_overflow_altar, tgw_trog,
          gup_sewer_entry_spiral, chequers_serial_rivers_small_3
D:4:      layout_loops_ring, nicolae_overflow_crystal_walls,
          kennysheep_decorative_pillar, grunt_ministairs_9, minmay_misc_feat_x,
          hangedman_ru_absence
D:5:      layout_basic, lemuel_round_altar
D:6:      layout_loops_ring, temple_doors_e, uniq_menkaure
D:7:      layout_basic, lemuel_doored_altar, nicolae_overflow_hidden_temple,
          serial_shops, shop, uniq_harold, uniq_duvessa, uniq_joseph
D:8:      minmay_imperfect_grid, layout_loops_ring, worms_lemuel
D:9:      layout_basic, hiddenorc1_lemuel, feat_on_display
D:10:     layout_basic, lightli_bailey_entry_fortress, lemuel_flamethrower_2
D:11:     layout_rooms, gauntlet_entry_generic, serial_rivers,
          chequers_serial_rivers_micro_e, chequers_serial_rivers_room_a,
          chequers_serial_rivers_micro_c, chequers_serial_rivers_large_a

Skill      XL: |  1  2  3  4  5  6  7  8  9 10 11 |
---------------+----------------------------------+-----
Ice Magic      | 5 6 8 10 | 10.1
Spellcasting   | 3 4 5 |  5.0
Dodging        | 2 6 8 10 11 | 11.8
Fighting       | 5 7 9 10 | 10.0
Stealth        | 0 |  0.0
Throwing       | |  0.1

Action                   |  1- 3 |  4- 6 |  7- 9 | 10-12 || total
-------------------------+-------+-------+-------+-------++-------
Melee: Spear             |    11 |       |       |       ||    11
       Trident           |    29 |   189 |   223 |   589 ||  1030
       Tailslap          |     3 |    16 |    15 |    85 ||   119
       Kick              |       |       |     1 |       ||     1
 Fire: Hunting sling     |    63 |     8 |       |       ||    71
Throw: Stone             |    25 |     6 |    11 |       ||    42
       Boomerang         |       |       |       |    26 ||    26
 Cast: Freeze            |    39 |    25 |    39 |    47 ||   150
       Ozocubu's Armour  |     3 |     5 |    17 |    26 ||    51
       Summon Ice Beast  |       |       |    18 |    31 ||    49
Invok: Sacrifice Arcana  |       |       |     1 |       ||     1
       Sacrifice Stealth |       |       |     1 |       ||     1
       Sacrifice Essence |       |       |       |     1 ||     1
 Abil: Breathe Frost     |       |       |    12 |    11 ||    23
Evoke: Wand              |       |       |     2 |     4 ||     6
  Use: Potion            |       |       |    10 |     3 ||    13
       Scroll            |       |       |     6 |     2 ||     8
 Stab: Sleeping          |     2 |     5 |     5 |       ||    12
       Distracted        |       |       |       |     6 ||     6
Armor: Skin              |    28 |    61 |   156 |   159 ||   404
Dodge: Dodged            |    58 |   110 |   166 |   785 ||  1119

Table legend: (Time is in decaauts)
 A = Elapsed time spent in this place.
 B = Non-inter-level travel time spent in this place.
 C = Inter-level travel time spent in this place.
 D = Time resting spent in this place.
 E = Time spent auto-exploring this place.
 F = Levels seen in this place.
 G = Mean time per level.
                   A        B        C        D        E       F      G
               +--------+--------+--------+--------+--------+-----+--------+
         Total |  14315 |  14028 |    287 |   1972 |   9059 |  11 | 1301.4 |
       Dungeon |  14315 |  14028 |    287 |   1972 |   9059 |  11 | 1301.4 |
               +--------+--------+--------+--------+--------+-----+--------+

Top non-repeatable levels by time:
     D:8: 1973 daAuts
     D:4: 1741 daAuts
     D:3: 1600 daAuts
     D:5: 1495 daAuts
    D:10: 1432 daAuts
     D:7: 1366 daAuts
     D:9: 1320 daAuts
     D:2: 1108 daAuts
     D:6: 1042 daAuts
     D:1: 794 daAuts
    D:11: 440 daAuts
